 Dungeon Crawl Stone Soup version 0.17.1-3-g152610e (console) character file.

208 Sehdowjr the Magician (level 5, 0/28 HPs)
             Began as a Deep Elf Wizard on Mar 14, 2016.
             Killed from afar by an orc wizard (8 damage)
             ... with a magic dart
             ... on level 4 of the Dungeon.
             The game lasted 00:19:01 (4613 turns).

Sehdowjr the Magician (Deep Elf Wizard)             Turns: 4613, Time: 00:19:01

Health: 0/28       AC:  2    Str:  4    XL:     5   Next: 55%
Magic:  3/15       EV: 13    Int: 24    God:
Gold:   181        SH:  0    Dex: 13    Spells: 5 memorised, 5 levels left

rFire  . . .     SeeInvis .     (no weapon)
rCold  . . .     Clarity  .     a - +0 robe
rNeg   . . .     SustAt   .     (no shield)
rPois  .         Gourm    .     b - +0 hat
rElec  .         Spirit   .     (no cloak)
rCorr  .         Warding  .     (no gloves)
rMut   .         Stasis   .     (no boots)
MR     .....                    (no amulet)
Stlth  ++........               (no ring)
                                (no ring)

@: not resistant to hostile enchantments, unstealthy
A: no striking features
a: no special abilities


You were on level 4 of the Dungeon.
You were very hungry.

You visited 1 branch of the dungeon, and saw 4 of its levels.

You collected 181 gold pieces.

Inventory:

Armour
 a - a +0 robe (worn)
 b - a +0 hat (worn)
Jewellery
 s - a cursed ring of teleportation {unknown}
 w - an uncursed amulet of clarity {unknown}
Scrolls
 e - 2 scrolls of random uselessness {unknown}
 g - 5 scrolls of enchant weapon {unknown}
 k - 4 scrolls of teleportation {unknown}
 m - 2 scrolls of amnesia {unknown}
 n - 5 scrolls of identify {unknown}
 q - a scroll of remove curse {unknown}
 t - a scroll of noise {unknown}
 v - a scroll of magic mapping {unknown}
 x - 2 scrolls of recharging {unknown}
 y - a scroll of enchant armour {unknown}
Potions
 f - a potion of poison {unknown}
 h - 2 potions of flight {unknown}
 i - a potion of magic {unknown}
 l - 2 potions of invisibility {unknown}
 o - 3 potions of heal wounds {unknown}
 p - a potion of might {unknown}
 r - a potion of curing
Books
 c - a book of Minor Magic

   Spells                             Type                      Level
   a - Magic Dart                     Conjuration                  1
   b - Blink                          Translocation                2
   c - Call Imp                       Summoning                    2
   d - Repel Missiles                 Charms/Air                   2
   e - Slow                           Hexes                        2
   f - Conjure Flame                  Conjuration/Fire             3
   g - Mephitic Cloud                 Conjuration/Poison/Air       3
Comestibles
 d - 2 bread rations
 j - a meat ration
 u - a beef jerky


   Skills:
 - Level 3.0 Dodging
 - Level 2.4 Stealth
 + Level 6.4 Spellcasting
 + Level 3.4 Conjurations
 + Level 1.1 Charms
   Level 1.1 Summonings
 + Level 1.5 Translocations
 + Level 0.2 Fire Magic
 + Level 0.6 Air Magic
 + Level 1.0 Poison Magic


You had 5 spell levels left.
You knew the following spells:

 Your Spells              Type           Power        Failure   Level  Hunger
a - Magic Dart            Conj           ###.         1%          1    None
b - Blink                 Tloc           N/A          8%          2    None
d - Mephitic Cloud        Conj/Pois/Air  ###.....     14%         3    None
e - Conjure Flame         Conj/Fire      ###.....     14%         3    None
m - Repel Missiles        Chrm/Air       ##....       12%         2    None


Dungeon Overview and Level Annotations

Branches:
Dungeon (4/15)
 Temple: D:4-7

Altars:
Kikubaaqudgha


Message History

Casting: Magic Dart
Confirm with . or Enter, or press ? or * to list all spells.
Aiming: Conjure Flame
Press: ? - help, Dir - move target cursor, p - orc wizard The fire roars!
The orc wizard gestures wildly while chanting.
The orc wizard seems to speed up.
The orc wizard casts a spell.
The orc wizard flickers and vanishes!
Deactivating autopickup; reactivate with Ctrl-A.
The orc wizard casts a spell at you. The puff of frost hits you!
The orc wizard gestures at you while chanting.
The puff of frost hits you!
* * * LOW HITPOINT WARNING * * *
The orc wizard points at you and mumbles some strange words.
The puff of flame misses you. The orc wizard casts a spell at you.
The magic dart hits you!
You die...

#####...##
####.
#........#
#....
....#####.##
.....# ###
##.## ###
.####
#..####....
####.......#
#.......####
#...#.###
#...#@#
#..##.# #..
#.# # ##.
#.# ## #o#
#####. #.#
###..... #.#
###......#
#†#
##........#
#§#
#...).....#


You could see an orc wizard.

Vanquished Creatures
  2 orc wizards
  A worker ant (D:4)
  5 adders
  4 giant geckos
  5 orcs
  3 giant cockroaches
  10 goblins
  9 hobgoblins
  8 jackals
  3 quokkas (D:2)
  2 bats (D:1)
  3 giant newts (D:1)
  14 kobolds
  9 rats
78 creatures vanquished.

Vanquished Creatures (others)
  5 toadstools (D:1)
5 creatures vanquished.

Grand Total: 83 creatures vanquished

Notes
Turn   | Place    | Note
--------------------------------------------------------------
     0 | D:1      | Sehdowjr the Deep Elf Wizard began the quest for the Orb.
     0 | D:1      | Reached XP level 1. HP: 10/10 MP: 7/7
   492 | D:1      | Reached XP level 2. HP: 15/15 MP: 3/9
   907 | D:1      | Reached skill level 5 in Spellcasting
  1598 | D:2      | Reached XP level 3. HP: 15/19 MP: 5/11
  2147 | D:2      | Reached XP level 4. HP: 21/24 MP: 4/13
  2846 | D:2      | Reached skill level 6 in Spellcasting
  3715 | D:3      | Found an ancient bone altar of Kikubaaqudgha.
  3741 | D:3      | Reached XP level 5. HP: 25/28 MP: 8/15
  3745 | D:3      | Learned a level 2 spell: Blink
  3748 | D:3      | Learned a level 2 spell: Repel Missiles
  3752 | D:3      | Learned a level 3 spell: Conjure Flame
  3756 | D:3      | Learned a level 3 spell: Mephitic Cloud
  4602 | D:4      | Reached skill level 1 in Charms
  4602 | D:4      | Reached skill level 1 in Poison Magic
  4613 | D:4      | Killed from afar by an orc wizard

Action                   |  1- 3 |  4- 6 || total
-------------------------+-------+-------++-------
Melee: Unarmed           |     2 |       ||     2
 Cast: Magic Dart        |   102 |   105 ||   207
       Conjure Flame     |       |     2 ||     2
       Repel Missiles    |       |     1 ||     1
  Use: Potion            |     3 |       ||     3
  Eat: Chunk             |     3 |     5 ||     8
       Beef jerky        |       |     1 ||     1
